Canadiens vs Sabres

Created - September-14-13 at 10:57

Simulating a Pre-Season

Goals
1 2 3 OT1 SO T
Canadiens 2 2 0 0 2 5
Sabres 3 1 0 0 0 4
Shots
1 2 3 OT1 SO T
Canadiens 7 16 6 1 2 30
Sabres 12 6 13 2 2 33

1st period

1. Canadiens , Jordan Eberle 3 (Brad Richards) at 0:14
2. Sabres , Matt Duchene 4 (Tyler Myers, Thomas Vanek) at 4:43
3. Sabres , Matt Duchene 5 (Erik Gudbranson, Tyler Myers) at 7:59
4. Canadiens , Brad Richards 1 (Jordan Eberle, Sven Baertschi) at 8:22
5. Sabres , Johnny Oduya 2 (Thomas Vanek, Ondrej Pavelec) at 12:21 (PP)

Penalties :
Grant Clitsome (BUF) for Hooking (Minor) at 5:32, Brooks Orpik (MTL) for Tripping (Minor) at 11:22, Mark Fistric (MTL) for Hooking (Minor) at 16:41, Tyler Myers (BUF) for Hooking (Minor) at 19:36

2nd period

6. Canadiens , Brad Richards 2 (Brooks Orpik, Jordan Eberle) at 0:16 (PP)
7. Sabres , Tyler Myers 1 (Johnny Oduya, Jamie Benn) at 11:29 (PP)
8. Canadiens , Jordan Eberle 4 (Sven Baertschi, Mark Fistric) at 11:54

Penalties :
Brad Stuart (BUF) for Cross-checking (Minor) at 1:32, Erik Gudbranson (BUF) for Tripping (Minor) at 8:06, Claude Giroux (MTL) for Interference (Minor) at 11:21, Devin Setoguchi (BUF) for Slashing (Minor) at 13:52

3rd period

No Goal

Penalties :
Andrej Sekera (BUF) for Hooking (Minor) at 2:14, Theo Peckham (MTL) for High sticking (Minor) at 7:05, Theo Peckham (MTL) for Hooking (Minor) at 9:51, Theo Peckham (MTL) for Goalie Interference (Minor) at 14:28, Eric Nystrom (MTL) for Holding (Minor) at 18:47

Overtime #1

No Goal

Penalties :
No Penalty

Shootout

Penalty Shot by Pavel Datsyuk for Canadiens - Goal!
Penalty Shot by Thomas Vanek for Sabres - Stopped by Cam Ward
Penalty Shot by Blake Wheeler for Canadiens - Goal!
Penalty Shot by Matt Duchene for Sabres - Stopped by Cam Ward

Penalties :
No Penalty

Goalie Stats

Cam Ward (MTL), 29 saves from 33 shots - (0.879), W, 2-0-0, 65:00 minutes
Ondrej Pavelec (BUF), 26 saves from 30 shots - (0.867), OTL, 2-2-2, 65:00 minutes

Players Stats for Canadiens

Player Name              G  A  P  +/- PIM S  H  SB GA TA FO     MP     PP MP  PK MP  
------------------------------------------------------------------------------------
Alec Martinez            0  0  0   1  0   0  0  1  0  0  0/0    19:44   4:54   0:30 
Blake Wheeler            0  0  0   0  0   4  4  0  0  0  0/1    18:22   5:12   1:28 
Brad Richards            2  1  3   3  0   2  1  0  0  0  13/24  22:40   5:23   3:15 
Brooks Orpik             0  1  1  -1  2   2  1  1  0  0  0/0    26:13   4:54   4:13 
Claude Giroux            0  0  0   0  2   7  2  0  0  0  1/3    19:32   5:12   0:00 
Dave Bolland             0  0  0  -1  0   1  1  0  0  0  10/13  11:17   0:00   2:15 
Eric Nystrom             0  0  0  -1  2   1  1  1  0  0  0/0    12:29   0:00   6:32 
John Mitchell            0  0  0  -1  0   0  1  0  0  0  7/9     8:19   0:00   0:47 
Jordan Eberle            2  2  4   3  0   6  1  0  0  0  0/3    19:57   5:23   0:00 
Mark Fistric             0  1  1   1  2   0  0  0  0  0  0/0    15:00   0:00   3:05 
Mason Raymond            0  0  0  -1  0   1  0  0  0  0  0/0     9:02   0:00   0:00 
Pavel Datsyuk            0  0  0   0  0   3  0  0  0  0  21/45  24:27   5:12   7:00 
Ron Hainsey              0  0  0   1  0   0  0  1  0  0  0/0    28:41   5:41   5:56 
Stephen Gionta           0  0  0  -1  0   0  0  0  0  0  0/1     5:58   0:00   0:00 
Sven Baertschi           0  2  2   3  0   1  2  0  0  0  0/1    17:51   5:23   0:00 
Taylor Pyatt             0  0  0  -1  0   0  1  0  0  0  1/1     9:02   0:00   0:00 
Theo Peckham             0  0  0   1  6   0  4  1  0  0  0/0    15:19   0:00   2:31 
Travis Hamonic           0  0  0  -1  0   2  1  2  0  0  0/0    24:58   5:41   5:49 

Players Stats for Sabres

Player Name              G  A  P  +/- PIM S  H  SB GA TA FO     MP     PP MP  PK MP  
------------------------------------------------------------------------------------
Andrej Sekera            0  0  0  -1  2   3  1  1  0  0  0/0    23:53   6:00   3:28 
Brad Stuart              0  0  0   0  2   1  5  0  0  0  0/0    20:25   0:00   5:10 
Dan Cleary               0  0  0  -2  0   1  0  1  0  0  1/2    18:20   0:00   2:40 
Devin Setoguchi          0  0  0   1  2   1  5  0  0  0  1/2    21:55   5:24   0:00 
Erik Gudbranson          0  1  1   0  2   0  1  0  0  0  0/0     4:50   0:00   1:15 
Grant Clitsome           0  0  0   0  2   1  5  2  0  0  0/0    16:51   6:00   0:00 
Jacob Josefson           0  0  0   0  0   0  0  0  0  0  4/13   10:08   0:00   1:15 
Jamie Benn               0  1  1  -2  0   2  4  0  0  0  20/35  23:35   4:51   6:40 
Joel Ward                0  0  0   0  0   2  0  0  0  0  0/0    14:52   4:51   2:40 
Johnny Oduya             1  1  2  -1  0   3  1  2  0  0  0/0    24:24   4:15   5:43 
Karl Alzner              0  0  0   0  0   0  0  1  0  0  0/0    13:54   0:00   5:34 
Matt Duchene             2  0  2   1  0   4  0  0  0  0  17/38  24:38   5:24   0:00 
Patrick Kaleta           0  0  0   0  0   0  2  0  0  0  0/0     5:08   0:00   0:00 
Ryan Johansen            0  0  0   0  0   1  0  1  0  0  2/6    12:29   0:00   7:21 
Thomas Vanek             0  2  2   1  0   8  2  0  0  0  3/4    24:38   5:24   0:00 
Tuomo Ruutu              0  0  0  -2  0   1  2  0  0  0  0/0    16:20   4:51   0:34 
Tyler Myers              1  2  3   0  2   4  0  2  0  0  0/0    25:38   4:15   0:00 
Zack Kassian             0  0  0   0  0   1  3  0  0  0  0/1     7:21   0:00   0:00 

3 Stars

1 - Jordan Eberle (MTL)
2 - Brad Richards (MTL)
3 - Matt Duchene (BUF)

Power Play

Canadiens - 1 on 6 Attempt(s) - 16.67%
Sabres - 2 on 7 Attempt(s) - 28.57%

Penalty Kill

Canadiens - 5 on 7 Attempt(s) - 71.43% - Score 0 goal in Penalty Kill
Sabres - 5 on 6 Attempt(s) - 83.33% - Score 0 goal in Penalty Kill

Official

Referees : Dave Jackson and Stephen Walkom
Linesman : David Brisebois and Steve Barton

Game Notes

No Game Note

% Time on Ice - Canadiens

Lines # - Real PCT - Wanted PCT - Time Play
Normal Forward
1 - 30% - 35% - 11:42
2 - 32% - 30% - 12:28
3 - 23% - 20% - 9:02
4 - 15% - 15% - 5:58
Normal Defense
1 - 29% - 30% - 11:29
2 - 30% - 30% - 11:56
3 - 31% - 25% - 12:05
4 - 9% - 15% - 3:40
PP Forward
1 - 49% - 50% - 5:12
2 - 51% - 50% - 5:23
PP Defense
1 - 54% - 50% - 5:41
2 - 46% - 50% - 4:54
PK Forward
1 - 78% - 60% - 8:00
2 - 22% - 40% - 2:15
PK Defense
1 - 62% - 60% - 6:19
2 - 38% - 40% - 3:56
PK3 Forward
1 - 100% - 60% - 0:47
2 - 0% - 40% - 0:00
PK3 Defense
1 - 62% - 60% - 0:29
2 - 38% - 40% - 0:18
44 Forward
1 - 63% - 60% - 2:39
2 - 37% - 40% - 1:34
44 Defense
1 - 47% - 60% - 1:58
2 - 53% - 40% - 2:15
Last Minute Offensive  - 0:00
Last Minute Defensive  - 0:00
Total
Forward - 65:00
Defense - 65:00

% Time on Ice - Sabres

Lines # - Real PCT - Wanted PCT - Time Play
Normal Forward
1 - 41% - 40% - 16:09
2 - 27% - 30% - 10:32
3 - 19% - 20% - 7:21
4 - 13% - 10% - 5:08
Normal Defense
1 - 39% - 40% - 15:16
2 - 31% - 30% - 11:58
3 - 21% - 20% - 8:20
4 - 9% - 10% - 3:36
PP Forward
1 - 53% - 60% - 5:24
2 - 47% - 40% - 4:51
PP Defense
1 - 59% - 60% - 6:00
2 - 41% - 40% - 4:15
PK Forward
1 - 75% - 60% - 7:55
2 - 25% - 40% - 2:40
PK Defense
1 - 63% - 60% - 6:39
2 - 37% - 40% - 3:56
PK3 Forward
1 - 0% - 60%
2 - 0% - 40%
PK3 Defense
1 - 0% - 60%
2 - 0% - 40%
44 Forward
1 - 69% - 60% - 3:28
2 - 31% - 40% - 1:32
44 Defense
1 - 49% - 60% - 2:28
2 - 51% - 40% - 2:32
Last Minute Offensive  - 0:00
Last Minute Defensive  - 0:00
Total
Forward - 65:00
Defense - 65:00

Play by Play

1st period


0:01 of 1st period - Pavel Datsyuk wins face-off versus Matt Duchene in neutral zone.
0:05 of 1st period - Off-side.
0:06 of 1st period - Brad Richards wins face-off versus Jamie Benn in neutral zone.
0:06 of 1st period - Brad Richards is hit by Tuomo Ruutu.
0:14 of 1st period - Shot by Jordan Eberle.
0:14 of 1st period - Goal by Jordan Eberle - Canadiens : 1 - Sabres : 0.
0:15 of 1st period - Dave Bolland wins face-off versus Jacob Josefson in neutral zone.
0:15 of 1st period - Dave Bolland is hit by Zack Kassian.
0:22 of 1st period - Icing by Karl Alzner.
0:23 of 1st period - John Mitchell wins face-off versus Jacob Josefson in Sabres zone.
0:42 of 1st period - Shot by Stephen Gionta.
0:42 of 1st period - Shot Blocked by Karl Alzner.
1:06 of 1st period - Off-side.
1:07 of 1st period - Matt Duchene wins face-off versus Pavel Datsyuk in neutral zone.
1:09 of 1st period - Devin Setoguchi is hit by Theo Peckham and loses puck.
1:13 of 1st period - Icing by Theo Peckham.
1:14 of 1st period - Matt Duchene wins face-off versus Pavel Datsyuk in Canadiens zone.
1:14 of 1st period - Thomas Vanek is hit by Theo Peckham and loses puck.
1:45 of 1st period - Shot by Blake Wheeler.
1:45 of 1st period - Shot Misses the Net.
2:20 of 1st period - Off-side.
2:21 of 1st period - Jacob Josefson wins face-off versus Brad Richards in neutral zone.
3:39 of 1st period - Icing by Johnny Oduya.
3:40 of 1st period - Dave Bolland wins face-off versus Jamie Benn in Sabres zone.
3:49 of 1st period - Shot by Jamie Benn.
3:49 of 1st period - Shot Misses the Net.
4:15 of 1st period - Shot by Matt Duchene.
4:15 of 1st period - Shot Misses the Net.
4:17 of 1st period - Shot by Tyler Myers.
4:17 of 1st period - Shot Misses the Net.
4:19 of 1st period - Shot by Tyler Myers.
4:19 of 1st period - Stopped by Cam Ward with a rebound.
4:21 of 1st period - Shot by Devin Setoguchi.
4:21 of 1st period - Shot Misses the Net.
4:37 of 1st period - Shot by Thomas Vanek.
4:37 of 1st period - Shot Blocked by Brooks Orpik.
4:43 of 1st period - Shot by Matt Duchene.
4:43 of 1st period - Goal by Matt Duchene - Canadiens : 1 - Sabres : 1.
4:44 of 1st period - Pavel Datsyuk wins face-off versus Zack Kassian in neutral zone.
4:48 of 1st period - Claude Giroux is hit by Zack Kassian and loses puck.
4:55 of 1st period - Jacob Josefson is hit by Blake Wheeler and loses puck.
5:08 of 1st period - Claude Giroux is hit by Grant Clitsome and loses puck.
5:26 of 1st period - Grant Clitsome is hit by Theo Peckham and loses puck.
5:32 of 1st period - Minor Penalty to Grant Clitsome for Hooking.
5:33 of 1st period - Jamie Benn wins face-off versus Brad Richards in Sabres zone.
5:33 of 1st period - Jamie Benn is hit by Jordan Eberle.
5:51 of 1st period - Shot by Ron Hainsey.
5:51 of 1st period - Shot Blocked by Ryan Johansen.
7:59 of 1st period - Shot by Matt Duchene.
7:59 of 1st period - Goal by Matt Duchene - Canadiens : 1 - Sabres : 2.
8:00 of 1st period - Dave Bolland wins face-off versus Ryan Johansen in neutral zone.
8:16 of 1st period - Off-side.
8:17 of 1st period - Brad Richards wins face-off versus Matt Duchene in neutral zone.
8:22 of 1st period - Shot by Jordan Eberle.
8:22 of 1st period - Deflect By Brad Richards.
8:22 of 1st period - Goal by Brad Richards - Canadiens : 2 - Sabres : 2.
8:23 of 1st period - Matt Duchene wins face-off versus Dave Bolland in neutral zone.
8:27 of 1st period - Shot by Tyler Myers.
8:27 of 1st period - Shot Blocked by Ron Hainsey.
8:29 of 1st period - Shot by Tyler Myers.
8:29 of 1st period - Stopped by Cam Ward without a rebound.
8:30 of 1st period - Brad Richards wins face-off versus Jamie Benn in Canadiens zone.
9:07 of 1st period - Off-side.
9:08 of 1st period - Pavel Datsyuk wins face-off versus Matt Duchene in neutral zone.
9:41 of 1st period - Shot by Claude Giroux.
9:41 of 1st period - Stopped by Ondrej Pavelec without a rebound.
9:42 of 1st period - Taylor Pyatt wins face-off versus Ryan Johansen in Sabres zone.
9:42 of 1st period - Mason Raymond is hit by Brad Stuart and loses puck.
9:49 of 1st period - Alec Martinez is hit by Patrick Kaleta and loses puck.
10:20 of 1st period - Icing by Brad Stuart.
10:21 of 1st period - Ryan Johansen wins face-off versus Pavel Datsyuk in Sabres zone.
10:23 of 1st period - Icing by Brad Stuart.
10:24 of 1st period - Ryan Johansen wins face-off versus Blake Wheeler in Sabres zone.
10:24 of 1st period - Ryan Johansen is hit by Blake Wheeler.
10:33 of 1st period - Brooks Orpik is hit by Patrick Kaleta and loses puck.
11:00 of 1st period - Shot by Johnny Oduya.
11:00 of 1st period - Shot Misses the Net.
11:02 of 1st period - Shot by Andrej Sekera.
11:02 of 1st period - Stopped by Cam Ward with a rebound.
11:13 of 1st period - Thomas Vanek is hit by Travis Hamonic and loses puck.
11:22 of 1st period - Shot by Matt Duchene.
11:22 of 1st period - Stopped by Cam Ward without a rebound.
11:22 of 1st period - Minor Penalty to Brooks Orpik for Tripping.
11:23 of 1st period - Jamie Benn wins face-off versus Brad Richards in Canadiens zone.
11:51 of 1st period - Shot by Jamie Benn.
11:51 of 1st period - Shot Misses the Net.
11:53 of 1st period - Shot by Jamie Benn.
11:53 of 1st period - Shot Misses the Net.
11:59 of 1st period - Shot by Joel Ward.
11:59 of 1st period - Shot Blocked by Theo Peckham.
12:21 of 1st period - Shot by Johnny Oduya.
12:21 of 1st period - Goal by Johnny Oduya - Canadiens : 2 - Sabres : 3.
12:22 of 1st period - Dave Bolland wins face-off versus Ryan Johansen in neutral zone.
12:48 of 1st period - Off-side.
12:49 of 1st period - Brad Richards wins face-off versus Matt Duchene in neutral zone.
13:06 of 1st period - Shot by Brad Richards.
13:06 of 1st period - Shot Blocked by Grant Clitsome.
13:24 of 1st period - Shot by Jordan Eberle.
13:24 of 1st period - Stopped by Ondrej Pavelec without a rebound.
13:25 of 1st period - Jamie Benn wins face-off versus Pavel Datsyuk in Sabres zone.
13:50 of 1st period - Shot by Claude Giroux.
13:50 of 1st period - Stopped by Ondrej Pavelec without a rebound.
13:51 of 1st period - Jacob Josefson wins face-off versus Stephen Gionta in Sabres zone.
14:14 of 1st period - Off-side.
14:15 of 1st period - Jamie Benn wins face-off versus Jordan Eberle in neutral zone.
14:22 of 1st period - Mark Fistric is hit by Jamie Benn and loses puck.
14:30 of 1st period - Icing by Ron Hainsey.
14:31 of 1st period - Matt Duchene wins face-off versus Jordan Eberle in Canadiens zone.
14:46 of 1st period - Shot by Johnny Oduya.
14:46 of 1st period - Shot Misses the Net.
15:00 of 1st period - Shot by Brad Richards.
15:00 of 1st period - Shot Misses the Net.
15:27 of 1st period - Shot by Pavel Datsyuk.
15:27 of 1st period - Shot Misses the Net.
15:29 of 1st period - Shot by Claude Giroux.
15:29 of 1st period - Stopped by Ondrej Pavelec without a rebound.
15:30 of 1st period - John Mitchell wins face-off versus Jamie Benn in Sabres zone.
15:31 of 1st period - Shot by Eric Nystrom.
15:31 of 1st period - Stopped by Ondrej Pavelec without a rebound.
15:32 of 1st period - Pavel Datsyuk wins face-off versus Jamie Benn in Sabres zone.
15:32 of 1st period - Claude Giroux is hit by Brad Stuart and loses puck.
15:39 of 1st period - Shot by Dan Cleary.
15:39 of 1st period - Stopped by Cam Ward without a rebound.
15:40 of 1st period - Jamie Benn wins face-off versus Pavel Datsyuk in Canadiens zone.
15:44 of 1st period - Jamie Benn is hit by Brooks Orpik and loses puck.
16:41 of 1st period - Minor Penalty to Mark Fistric for Hooking.
16:42 of 1st period - Matt Duchene wins face-off versus Pavel Datsyuk in Canadiens zone.
16:59 of 1st period - Shot by Andrej Sekera.
16:59 of 1st period - Stopped by Cam Ward without a rebound.
17:00 of 1st period - Thomas Vanek wins face-off versus Pavel Datsyuk in Canadiens zone.
17:13 of 1st period - Shot by Andrej Sekera.
17:13 of 1st period - Stopped by Cam Ward without a rebound.
17:14 of 1st period - Dave Bolland wins face-off versus Jamie Benn in Canadiens zone.
17:39 of 1st period - Ron Hainsey is hit by Tuomo Ruutu.
18:03 of 1st period - Shot by Thomas Vanek.
18:03 of 1st period - Stopped by Cam Ward without a rebound.
18:04 of 1st period - Pavel Datsyuk wins face-off versus Matt Duchene in Canadiens zone.
18:53 of 1st period - Off-side.
18:54 of 1st period - Brad Richards wins face-off versus Jacob Josefson in neutral zone.
19:05 of 1st period - Shot by Joel Ward.
19:05 of 1st period - Shot Misses the Net.
19:07 of 1st period - Shot by Joel Ward.
19:07 of 1st period - Stopped by Cam Ward without a rebound.
19:08 of 1st period - Dave Bolland wins face-off versus Jamie Benn in Canadiens zone.
19:16 of 1st period - Icing by Theo Peckham.
19:17 of 1st period - Dave Bolland wins face-off versus Matt Duchene in Canadiens zone.
19:17 of 1st period - Dave Bolland is hit by Devin Setoguchi.
19:35 of 1st period - Shot by Mason Raymond.
19:35 of 1st period - Shot Misses the Net.
19:36 of 1st period - Minor Penalty to Tyler Myers for Hooking.
19:37 of 1st period - Jamie Benn wins face-off versus Pavel Datsyuk in Sabres zone.
19:52 of 1st period - Icing by Claude Giroux.
19:53 of 1st period - Pavel Datsyuk wins face-off versus Jamie Benn in Canadiens zone.
19:53 of 1st period - Pavel Datsyuk is hit by Jamie Benn.

2nd period


0:01 of 2nd period - Jamie Benn wins face-off versus Brad Richards in neutral zone.
0:16 of 2nd period - Shot by Brad Richards.
0:16 of 2nd period - Goal by Brad Richards - Canadiens : 3 - Sabres : 3.
0:17 of 2nd period - Pavel Datsyuk wins face-off versus Matt Duchene in neutral zone.
0:17 of 2nd period - Pavel Datsyuk is hit by Devin Setoguchi.
0:26 of 2nd period - Icing by Tyler Myers.
0:27 of 2nd period - Brad Richards wins face-off versus Matt Duchene in Sabres zone.
0:37 of 2nd period - Icing by Brad Stuart.
0:38 of 2nd period - Pavel Datsyuk wins face-off versus Matt Duchene in Sabres zone.
0:47 of 2nd period - Shot by Pavel Datsyuk.
0:47 of 2nd period - Shot Misses the Net.
0:53 of 2nd period - Claude Giroux is hit by Devin Setoguchi and loses puck.
1:11 of 2nd period - Shot by Brad Stuart.
1:11 of 2nd period - Shot Misses the Net.
1:32 of 2nd period - Minor Penalty to Brad Stuart for Cross-checking.
1:33 of 2nd period - Jamie Benn wins face-off versus Brad Richards in Sabres zone.
1:54 of 2nd period - Shot by Jordan Eberle.
1:54 of 2nd period - Shot Misses the Net.
1:56 of 2nd period - Shot by Brad Richards.
1:56 of 2nd period - Shot Blocked by Andrej Sekera.
1:58 of 2nd period - Shot by Jordan Eberle.
1:58 of 2nd period - Stopped by Ondrej Pavelec without a rebound.
1:59 of 2nd period - Pavel Datsyuk wins face-off versus Jamie Benn in Sabres zone.
2:04 of 2nd period - Shot by Claude Giroux.
2:04 of 2nd period - Stopped by Ondrej Pavelec without a rebound.
2:05 of 2nd period - Jamie Benn wins face-off versus Jordan Eberle in Sabres zone.
2:13 of 2nd period - Icing by Ron Hainsey.
2:14 of 2nd period - Brad Richards wins face-off versus Jamie Benn in Canadiens zone.
2:35 of 2nd period - Shot by Travis Hamonic.
2:35 of 2nd period - Shot Blocked by Johnny Oduya.
2:37 of 2nd period - Shot by Travis Hamonic.
2:37 of 2nd period - Shot Blocked by Johnny Oduya.
3:21 of 2nd period - Shot by Brooks Orpik.
3:21 of 2nd period - Stopped by Ondrej Pavelec without a rebound.
3:22 of 2nd period - Jamie Benn wins face-off versus Pavel Datsyuk in Sabres zone.
3:44 of 2nd period - Icing by Tyler Myers.
3:45 of 2nd period - Pavel Datsyuk wins face-off versus Matt Duchene in Sabres zone.
4:07 of 2nd period - Icing by Tyler Myers.
4:08 of 2nd period - Thomas Vanek wins face-off versus John Mitchell in Sabres zone.
5:27 of 2nd period - Brooks Orpik is hit by Jamie Benn and loses puck.
6:52 of 2nd period - Shot by Blake Wheeler.
6:52 of 2nd period - Stopped by Ondrej Pavelec without a rebound.
6:53 of 2nd period - Dave Bolland wins face-off versus Jacob Josefson in Sabres zone.
6:53 of 2nd period - Dave Bolland is hit by Grant Clitsome.
6:59 of 2nd period - Shot by Mason Raymond.
6:59 of 2nd period - Shot Misses the Net.
7:03 of 2nd period - Shot by Dave Bolland.
7:03 of 2nd period - Stopped by Ondrej Pavelec without a rebound.
7:04 of 2nd period - Matt Duchene wins face-off versus Dave Bolland in Sabres zone.
7:13 of 2nd period - Shot by Thomas Vanek.
7:13 of 2nd period - Stopped by Cam Ward with a rebound.
7:18 of 2nd period - Brooks Orpik is hit by Thomas Vanek.
7:53 of 2nd period - Icing by Tyler Myers.
7:54 of 2nd period - Brad Richards wins face-off versus Matt Duchene in Sabres zone.
7:59 of 2nd period - Shot by Jordan Eberle.
7:59 of 2nd period - Stopped by Ondrej Pavelec with a rebound.
8:06 of 2nd period - Minor Penalty to Erik Gudbranson for Tripping.
8:07 of 2nd period - Pavel Datsyuk wins face-off versus Jamie Benn in Sabres zone.
8:30 of 2nd period - Shot by Ron Hainsey.
8:30 of 2nd period - Shot Misses the Net.
8:32 of 2nd period - Shot by Blake Wheeler.
8:32 of 2nd period - Stopped by Ondrej Pavelec without a rebound.
8:33 of 2nd period - Brad Richards wins face-off versus Dan Cleary in Sabres zone.
10:15 of 2nd period - Shot by Mason Raymond.
10:15 of 2nd period - Stopped by Ondrej Pavelec without a rebound.
10:16 of 2nd period - John Mitchell wins face-off versus Matt Duchene in Sabres zone.
10:27 of 2nd period - Shot by Thomas Vanek.
10:27 of 2nd period - Stopped by Cam Ward without a rebound.
10:28 of 2nd period - Brad Richards wins face-off versus Jacob Josefson in Canadiens zone.
10:46 of 2nd period - Brad Richards is hit by Erik Gudbranson and loses puck.
10:49 of 2nd period - Shot by Sven Baertschi.
10:49 of 2nd period - Stopped by Ondrej Pavelec without a rebound.
10:50 of 2nd period - Matt Duchene wins face-off versus Pavel Datsyuk in Sabres zone.
10:50 of 2nd period - Matt Duchene is hit by Blake Wheeler.
11:18 of 2nd period - Shot by Matt Duchene.
11:18 of 2nd period - Shot Misses the Net.
11:21 of 2nd period - Minor Penalty to Claude Giroux for Interference.
11:22 of 2nd period - Jamie Benn wins face-off versus Pavel Datsyuk in Canadiens zone.
11:29 of 2nd period - Shot by Tyler Myers.
11:29 of 2nd period - Goal by Tyler Myers - Canadiens : 3 - Sabres : 4.
11:30 of 2nd period - Jamie Benn wins face-off versus Brad Richards in neutral zone.
11:54 of 2nd period - Shot by Jordan Eberle.
11:54 of 2nd period - Goal by Jordan Eberle - Canadiens : 4 - Sabres : 4.
11:55 of 2nd period - Pavel Datsyuk wins face-off versus Matt Duchene in neutral zone.
11:55 of 2nd period - Pavel Datsyuk is hit by Devin Setoguchi.
12:03 of 2nd period - Shot by Claude Giroux.
12:03 of 2nd period - Shot Misses the Net.
12:05 of 2nd period - Shot by Alec Martinez.
12:05 of 2nd period - Shot Misses the Net.
12:07 of 2nd period - Shot by Claude Giroux.
12:07 of 2nd period - Deflect By Pavel Datsyuk.
12:07 of 2nd period - Stopped by Ondrej Pavelec without a rebound.
12:08 of 2nd period - Dave Bolland wins face-off versus Jacob Josefson in Sabres zone.
12:08 of 2nd period - Brooks Orpik is hit by Brad Stuart and loses puck.
12:45 of 2nd period - Shot by Joel Ward.
12:45 of 2nd period - Shot Misses the Net.
12:47 of 2nd period - Shot by Joel Ward.
12:47 of 2nd period - Stopped by Cam Ward without a rebound.
12:48 of 2nd period - Jamie Benn wins face-off versus Brad Richards in Canadiens zone.
13:38 of 2nd period - Icing by Theo Peckham.
13:39 of 2nd period - Matt Duchene wins face-off versus Brad Richards in Canadiens zone.
13:48 of 2nd period - Shot by Thomas Vanek.
13:48 of 2nd period - Deflect By Matt Duchene.
13:48 of 2nd period - Stopped by Cam Ward without a rebound.
13:49 of 2nd period - Jacob Josefson wins face-off versus Pavel Datsyuk in Canadiens zone.
13:50 of 2nd period - Shot by Zack Kassian.
13:50 of 2nd period - Stopped by Cam Ward without a rebound.
13:51 of 2nd period - Pavel Datsyuk wins face-off versus Matt Duchene in Canadiens zone.
13:51 of 2nd period - Pavel Datsyuk is hit by Devin Setoguchi.
13:52 of 2nd period - Minor Penalty to Devin Setoguchi for Slashing.
13:53 of 2nd period - Jamie Benn wins face-off versus Pavel Datsyuk in Sabres zone.
14:30 of 2nd period - Shot by Pavel Datsyuk.
14:30 of 2nd period - Stopped by Ondrej Pavelec with a rebound.
14:57 of 2nd period - Shot by Brooks Orpik.
14:57 of 2nd period - Stopped by Ondrej Pavelec without a rebound.
14:58 of 2nd period - Brad Richards wins face-off versus Jamie Benn in Sabres zone.
15:57 of 2nd period - Shot by John Mitchell.
15:57 of 2nd period - Shot Blocked by Tyler Myers.
16:45 of 2nd period - Ron Hainsey is hit by Zack Kassian and loses puck.
17:12 of 2nd period - Jacob Josefson is hit by Eric Nystrom and loses puck.
17:30 of 2nd period - Claude Giroux is hit by Grant Clitsome and loses puck.
17:44 of 2nd period - Claude Giroux is hit by Grant Clitsome and loses puck.
17:58 of 2nd period - Shot by Blake Wheeler.
17:58 of 2nd period - Stopped by Ondrej Pavelec without a rebound.
17:59 of 2nd period - Brad Richards wins face-off versus Jamie Benn in Sabres zone.
18:00 of 2nd period - Shot by Jordan Eberle.
18:00 of 2nd period - Stopped by Ondrej Pavelec with a rebound.
19:06 of 2nd period - Icing by Travis Hamonic.
19:07 of 2nd period - Matt Duchene wins face-off versus Dave Bolland in Canadiens zone.
19:25 of 2nd period - Mason Raymond is hit by Brad Stuart and loses puck.
19:45 of 2nd period - Icing by Brad Stuart.
19:46 of 2nd period - Matt Duchene wins face-off versus Pavel Datsyuk in Sabres zone.
19:58 of 2nd period - Claude Giroux is hit by Brad Stuart and loses puck.

3rd period


0:01 of 3rd period - Devin Setoguchi wins face-off versus Pavel Datsyuk in neutral zone.
0:17 of 3rd period - Brad Stuart is hit by Blake Wheeler and loses puck.
0:24 of 3rd period - Shot by Blake Wheeler.
0:24 of 3rd period - Deflect By Claude Giroux.
0:24 of 3rd period - Shot Misses the Net.
1:19 of 3rd period - Shot by Jamie Benn.
1:19 of 3rd period - Shot Misses the Net.
1:29 of 3rd period - Brad Richards is hit by Johnny Oduya and loses puck.
2:10 of 3rd period - Dave Bolland is hit by Andrej Sekera and loses puck.
2:14 of 3rd period - Minor Penalty to Andrej Sekera for Hooking.
2:15 of 3rd period - Pavel Datsyuk wins face-off versus Jacob Josefson in Sabres zone.
2:30 of 3rd period - Brad Stuart is hit by Claude Giroux and loses puck.
3:07 of 3rd period - Shot by Travis Hamonic.
3:07 of 3rd period - Stopped by Ondrej Pavelec without a rebound.
3:08 of 3rd period - Dan Cleary wins face-off versus Brad Richards in Sabres zone.
3:08 of 3rd period - Dan Cleary is hit by Sven Baertschi.
4:42 of 3rd period - Shot by Stephen Gionta.
4:42 of 3rd period - Shot Misses the Net.
5:45 of 3rd period - Shot by Andrej Sekera.
5:45 of 3rd period - Shot Blocked by Travis Hamonic.
6:26 of 3rd period - Icing by Travis Hamonic.
6:27 of 3rd period - Dave Bolland wins face-off versus Ryan Johansen in Canadiens zone.
6:52 of 3rd period - Shot by Ryan Johansen.
6:52 of 3rd period - Stopped by Cam Ward without a rebound.
6:53 of 3rd period - Matt Duchene wins face-off versus Brad Richards in Canadiens zone.
7:03 of 3rd period - Matt Duchene is hit by Theo Peckham and loses puck.
7:05 of 3rd period - Minor Penalty to Theo Peckham for High sticking.
7:06 of 3rd period - Jamie Benn wins face-off versus Pavel Datsyuk in Canadiens zone.
7:17 of 3rd period - Shot by Jamie Benn.
7:17 of 3rd period - Stopped by Cam Ward without a rebound.
7:18 of 3rd period - Matt Duchene wins face-off versus Pavel Datsyuk in Canadiens zone.
7:31 of 3rd period - Shot by Thomas Vanek.
7:31 of 3rd period - Stopped by Cam Ward without a rebound.
7:32 of 3rd period - Jamie Benn wins face-off versus Pavel Datsyuk in Canadiens zone.
7:52 of 3rd period - Shot by Pavel Datsyuk.
7:52 of 3rd period - Stopped by Ondrej Pavelec with a rebound.
8:08 of 3rd period - Icing by Grant Clitsome.
8:09 of 3rd period - Brad Richards wins face-off versus Jamie Benn in Sabres zone.
8:10 of 3rd period - Shot by Travis Hamonic.
8:10 of 3rd period - Stopped by Ondrej Pavelec with a rebound.
8:16 of 3rd period - Shot by Andrej Sekera.
8:16 of 3rd period - Shot Misses the Net.
8:18 of 3rd period - Shot by Andrej Sekera.
8:18 of 3rd period - Shot Misses the Net.
8:20 of 3rd period - Shot by Jamie Benn.
8:20 of 3rd period - Shot Misses the Net.
8:22 of 3rd period - Shot by Andrej Sekera.
8:22 of 3rd period - Shot Misses the Net.
8:24 of 3rd period - Shot by Grant Clitsome.
8:24 of 3rd period - Stopped by Cam Ward with a rebound.
8:54 of 3rd period - Shot by Thomas Vanek.
8:54 of 3rd period - Shot Hit the Post.
8:56 of 3rd period - Shot by Tyler Myers.
8:56 of 3rd period - Shot Misses the Net.
8:58 of 3rd period - Shot by Thomas Vanek.
8:58 of 3rd period - Stopped by Cam Ward without a rebound.
8:59 of 3rd period - Pavel Datsyuk wins face-off versus Matt Duchene in Canadiens zone.
9:31 of 3rd period - Sven Baertschi is hit by Grant Clitsome and loses puck.
9:51 of 3rd period - Minor Penalty to Theo Peckham for Hooking.
9:52 of 3rd period - Thomas Vanek wins face-off versus Pavel Datsyuk in Canadiens zone.
10:07 of 3rd period - Shot by Tyler Myers.
10:07 of 3rd period - Stopped by Cam Ward without a rebound.
10:08 of 3rd period - Jamie Benn wins face-off versus Pavel Datsyuk in Canadiens zone.
10:12 of 3rd period - Shot by Jamie Benn.
10:12 of 3rd period - Shot Misses the Net.
10:14 of 3rd period - Shot by Johnny Oduya.
10:14 of 3rd period - Deflect By Tuomo Ruutu.
10:14 of 3rd period - Stopped by Cam Ward with a rebound.
10:16 of 3rd period - Shot by Johnny Oduya.
10:16 of 3rd period - Deflect By Joel Ward.
10:16 of 3rd period - Shot Blocked by Travis Hamonic.
10:18 of 3rd period - Shot by Johnny Oduya.
10:18 of 3rd period - Shot Misses the Net.
10:20 of 3rd period - Shot by Johnny Oduya.
10:20 of 3rd period - Stopped by Cam Ward without a rebound.
10:21 of 3rd period - Matt Duchene wins face-off versus Pavel Datsyuk in Canadiens zone.
10:36 of 3rd period - Shot by Eric Nystrom.
10:36 of 3rd period - Shot Blocked by Grant Clitsome.
11:05 of 3rd period - Icing by Andrej Sekera.
11:06 of 3rd period - Matt Duchene wins face-off versus Brad Richards in Sabres zone.
11:06 of 3rd period - Matt Duchene is hit by Dave Bolland.
11:09 of 3rd period - Thomas Vanek is hit by Brad Richards and loses puck.
12:05 of 3rd period - Dan Cleary is hit by Sven Baertschi and loses puck.
12:14 of 3rd period - Shot by Ryan Johansen.
12:14 of 3rd period - Deflect By Patrick Kaleta.
12:14 of 3rd period - Shot Misses the Net.
12:57 of 3rd period - Off-side.
12:58 of 3rd period - Pavel Datsyuk wins face-off versus Matt Duchene in neutral zone.
13:15 of 3rd period - Shot by Claude Giroux.
13:15 of 3rd period - Stopped by Ondrej Pavelec with a rebound.
13:37 of 3rd period - Icing by Mark Fistric.
13:38 of 3rd period - Pavel Datsyuk wins face-off versus Jamie Benn in Canadiens zone.
13:51 of 3rd period - Shot by Blake Wheeler.
13:51 of 3rd period - Stopped by Ondrej Pavelec without a rebound.
13:52 of 3rd period - John Mitchell wins face-off versus Jacob Josefson in Sabres zone.
14:05 of 3rd period - Shot by Joel Ward.
14:05 of 3rd period - Deflect By Jacob Josefson.
14:05 of 3rd period - Shot Misses the Net.
14:07 of 3rd period - Shot by Brad Stuart.
14:07 of 3rd period - Stopped by Cam Ward without a rebound.
14:08 of 3rd period - Matt Duchene wins face-off versus Sven Baertschi in Canadiens zone.
14:09 of 3rd period - Shot by Johnny Oduya.
14:09 of 3rd period - Shot Blocked by Alec Martinez.
14:28 of 3rd period - Minor Penalty to Theo Peckham for Goalie Interference.
14:29 of 3rd period - Jamie Benn wins face-off versus Pavel Datsyuk in Canadiens zone.
14:34 of 3rd period - Shot by Jamie Benn.
14:34 of 3rd period - Stopped by Cam Ward without a rebound.
14:35 of 3rd period - Pavel Datsyuk wins face-off versus Matt Duchene in Canadiens zone.
15:04 of 3rd period - Shot by Thomas Vanek.
15:04 of 3rd period - Shot Blocked by Eric Nystrom.
15:06 of 3rd period - Shot by Devin Setoguchi.
15:06 of 3rd period - Stopped by Cam Ward without a rebound.
15:07 of 3rd period - Jamie Benn wins face-off versus Pavel Datsyuk in Canadiens zone.
15:20 of 3rd period - Shot by Tyler Myers.
15:20 of 3rd period - Shot Misses the Net.
15:26 of 3rd period - Shot by Johnny Oduya.
15:26 of 3rd period - Stopped by Cam Ward without a rebound.
15:27 of 3rd period - Pavel Datsyuk wins face-off versus Matt Duchene in Canadiens zone.
15:46 of 3rd period - Shot by Thomas Vanek.
15:46 of 3rd period - Stopped by Cam Ward without a rebound.
15:47 of 3rd period - Jamie Benn wins face-off versus Pavel Datsyuk in Canadiens zone.
15:50 of 3rd period - Shot by Tyler Myers.
15:50 of 3rd period - Shot Misses the Net.
16:46 of 3rd period - Shot by Jordan Eberle.
16:46 of 3rd period - Shot Misses the Net.
17:40 of 3rd period - Shot by Mason Raymond.
17:40 of 3rd period - Shot Misses the Net.
17:48 of 3rd period - Shot by Taylor Pyatt.
17:48 of 3rd period - Deflect By Mason Raymond.
17:48 of 3rd period - Shot Misses the Net.
17:50 of 3rd period - Shot by Ron Hainsey.
17:50 of 3rd period - Shot Blocked by Dan Cleary.
18:14 of 3rd period - Tyler Myers is hit by Taylor Pyatt and loses puck.
18:38 of 3rd period - Shot by Claude Giroux.
18:38 of 3rd period - Stopped by Ondrej Pavelec without a rebound.
18:39 of 3rd period - John Mitchell wins face-off versus Jacob Josefson in Sabres zone.
18:47 of 3rd period - Minor Penalty to Eric Nystrom for Holding.
18:48 of 3rd period - Pavel Datsyuk wins face-off versus Thomas Vanek in Canadiens zone.
18:54 of 3rd period - Icing by Thomas Vanek.
18:55 of 3rd period - Pavel Datsyuk wins face-off versus Matt Duchene in Sabres zone.
19:12 of 3rd period - Shot by Matt Duchene.
19:12 of 3rd period - Shot Misses the Net.

Overtime #1


0:01 of 1st overtime period - John Mitchell wins face-off versus Matt Duchene in neutral zone.
0:32 of 1st overtime period - Shot by Thomas Vanek.
0:32 of 1st overtime period - Stopped by Cam Ward without a rebound.
0:33 of 1st overtime period - John Mitchell wins face-off versus Matt Duchene in Canadiens zone.
0:33 of 1st overtime period - John Mitchell is hit by Thomas Vanek.
0:40 of 1st overtime period - Icing by Thomas Vanek.
0:41 of 1st overtime period - Matt Duchene wins face-off versus John Mitchell in Sabres zone.
1:01 of 1st overtime period - Matt Duchene is hit by Claude Giroux and loses puck.
1:27 of 1st overtime period - Off-side.
1:28 of 1st overtime period - Jacob Josefson wins face-off versus Claude Giroux in neutral zone.
1:31 of 1st overtime period - Travis Hamonic is hit by Jamie Benn and loses puck.
2:26 of 1st overtime period - Shot by John Mitchell.
2:26 of 1st overtime period - Shot Misses the Net.
2:38 of 1st overtime period - Shot by Thomas Vanek.
2:38 of 1st overtime period - Shot Misses the Net.
2:57 of 1st overtime period - Off-side.
2:58 of 1st overtime period - Claude Giroux wins face-off versus Devin Setoguchi in neutral zone.
3:13 of 1st overtime period - Shot by Claude Giroux.
3:13 of 1st overtime period - Stopped by Ondrej Pavelec without a rebound.
3:14 of 1st overtime period - Matt Duchene wins face-off versus Claude Giroux in Sabres zone.
3:19 of 1st overtime period - Shot by Thomas Vanek.
3:19 of 1st overtime period - Stopped by Cam Ward with a rebound.
3:33 of 1st overtime period - Shot by Jordan Eberle.
3:33 of 1st overtime period - Shot Blocked by Tyler Myers.
3:35 of 1st overtime period - Shot by Jordan Eberle.
3:35 of 1st overtime period - Shot Misses the Net.
4:02 of 1st overtime period - Grant Clitsome is hit by John Mitchell and loses puck.

ShootOut


5:00 of 1st overtime period - Penalty Shot by Pavel Datsyuk for Canadiens.
5:00 of 1st overtime period - Goal by Pavel Datsyuk.
5:00 of 1st overtime period - Penalty Shot by Thomas Vanek for Sabres.
5:00 of 1st overtime period - Stopped by Cam Ward.
5:00 of 1st overtime period - Penalty Shot by Blake Wheeler for Canadiens.
5:00 of 1st overtime period - Goal by Blake Wheeler.
5:00 of 1st overtime period - Penalty Shot by Matt Duchene for Sabres.
5:00 of 1st overtime period - Stopped by Cam Ward.


Output by the SimonT Hockey Simulator (STHS) for Stephane Roy -- Original Page W3C XHTML 1.0 Valid
Hockey Simulator - Hockey Simulation - Hockey Manager